 Dungeon Crawl Stone Soup version 0.25.1-2-g60ff931df9 (webtiles) character file.

Game seed: 13512301066652560016

274861 toffzen the Warrior (level 20, -15/181 (182) HPs)
             Began as a Ghoul Berserker on Aug 31, 2020.
             Was a High Priest of Trog.
             Killed by dispel undead
             ... invoked by a revenant
              (49 damage)
             ... on level 2 of the Vaults on Sept 4, 2020.
             The game lasted 02:17:23 (48305 turns).

toffzen the Warrior (Ghoul Berserker)              Turns: 48305, Time: 02:17:24

HP:   -15/181 (182) AC: 17    Str: 28    XL:     20   Next: 32%
MP:   19/19         EV: 17    Int:  3    God:    Trog [*****.]
Gold: 2321          SH: 26    Dex: 10    Spells: 19/19 levels left

rFire    + + .     SeeInvis .   a - +9 morningstar of the Undead {vamp, rF+ rN+ Dex-2}
rCold    + + +     Gourm    .   J - +0 tower shield
rNeg     + + +     Faith    .   z - +1 ring mail of the Special Nightcaps {rPois rCorr Slay+4}
rPois    ∞         Spirit   .   o - +2 hat
rElec    +         Reflect  +   y - scarf {rC+ rF+}
rCorr    +         Harm     .   F - +2 pair of gloves
MR       +++++                  E - +1 pair of boots {Stlth+}
Stlth    +.........             q - amulet of reflection
HPRegen  1.00/turn              b - ring of protection from magic
MPRegen  0.16/turn              O - ring "Cadwoydd" {rElec rPois rC+ MR+ Str+3}

@: regenerating, rotting
A: rotting body, claws 1, carnivore, cold resistance 1, negative energy
resistance 3, inhibited regeneration, torment resistance, unbreathing
}: 2/15 runes: decaying, gossamer
a: Trog's Hand, Brothers in Arms, Renounce Religion


You were on level 2 of the Vaults.
You worshipped Trog.
Trog was extremely pleased with you.
You were not hungry.

You visited 7 branches of the dungeon, and saw 35 of its levels.

You collected 3265 gold pieces.
You spent 944 gold pieces at shops.

Inventory:

Hand Weapons
 a - the +9 morningstar of the Undead (weapon) {vamp, rF+ rN+ Dex-2}
   (You bought it in a shop on level 2 of the Orcish Mines)

   It inflicts no extra harm, but heals its wielder when it wounds a living foe.
   It affects your dexterity (-2).
   It protects you from fire.
   It protects you from negative energy.
 m - a +4 morningstar of flaming
 u - a +6 demon whip
 K - a +0 antimagic morningstar
 R - a +5 vorpal eveningstar
Missiles
 e - 889 stones
 f - 117 poisoned darts (quivered)
 T - a throwing net
Armour
 o - a +2 hat (worn)
 v - a +0 plate armour
 y - a scarf of resistance (worn)
 z - the +1 ring mail of the Special Nightcaps (worn) {rPois rCorr Slay+4}
   (You found it on level 1 of the Vaults)

   It affects your accuracy and damage with ranged weapons and melee attacks
   (+4).
   It protects you from poison.
   It provides partial protection from all sources of acid and corrosion.
 E - a +1 pair of boots of stealth (worn)
 F - a +2 pair of gloves (worn)
 J - a +0 tower shield (worn)
Jewellery
 b - a ring of protection from magic (left hand)
 n - an uncursed ring of fire
 q - an amulet of reflection (around neck)
 r - the ring "Dopel" {EV+4 Str+3 Int+3}
   (You found it on level 9 of the Dungeon)

   [ring of evasion]

   It affects your evasion (+4).
   It affects your strength (+3).
   It affects your intelligence (+3).
 B - the ring of Knowledge {*Drain +Blink rPois rN+ Dex+2}
   (You found it on level 3 of the Swamp)

   [ring of positive energy]

   It affects your dexterity (+2).
   It protects you from poison.
   It protects you from negative energy.
   It lets you blink.
   It causes draining when unequipped.
 O - the ring "Cadwoydd" (right hand) {rElec rPois rC+ MR+ Str+3}
   (You found it on level 4 of the Lair of Beasts)

   [ring of protection from cold]

   It affects your strength (+3).
   It protects you from cold.
   It insulates you from electricity.
   It protects you from poison.
   It affects your resistance to hostile enchantments.
 V - an uncursed ring of protection from cold
Wands
 d - a wand of iceblast (4)
 D - a wand of flame (88)
 G - a wand of paralysis (6)
 P - a wand of digging (12)
 Z - a wand of acid (7)
Scrolls
 g - 7 scrolls of enchant weapon
 p - 6 scrolls of teleportation
 s - a scroll of enchant armour
 w - 15 scrolls of remove curse
 C - 3 scrolls of fog
 I - 4 scrolls of fear
 Q - 8 scrolls of magic mapping
 X - 2 scrolls of summoning
Potions
 i - 5 potions of invisibility
 j - 6 potions of heal wounds
 k - 6 potions of resistance
 l - 5 potions of might
 t - 4 potions of cancellation
 x - 3 potions of flight
 L - 14 potions of curing
 M - 2 potions of haste
Miscellaneous
 H - a tin of tremorstones (3/3)
 N - a phantom mirror
 S - 2 boxes of beasts
Comestibles
 c - 52 rations
 h - 2 chunks of flesh


   Skills:
 + Level 16.7 Fighting
 + Level 16.2 Maces & Flails
 + Level 14.3 Armour
 + Level 15.9 Dodging
 - Level 15.0 Shields


You had 19 spell levels left.
You didn't know any spells.
Your spell library was empty.

Dungeon Overview and Level Annotations

Branches:
Dungeon (15/15)            Temple (0/1) D:4            Lair (6/6) D:11
  Swamp (4/4) Lair:3       Spider (4/4) Lair:4        Slime (0/5) Lair:5
    Orc (2/2) D:10            Elf (2/3) Orc:2        Vaults (2/5) D:14
  Crypt (0/3) Vaults:2     Depths (0/5) D:15

Altars:
Ashenzari
Cheibriados
Dithmenos
Elyvilon
Fedhas
Makhleb
Nemelex Xobeh
Qazlal
Sif Muna
Trog
Wu Jian
Xom
The Shining One
Beogh
Jiyva

Shops:
D:6 ?   D:9 !   D:11 ?   D:12 *   D:13 [=   D:15 [   Orc:2 [(}:   Vaults:1 *

Annotations:
D:7 2 transporters, Velaskes's ghost, novice OpWz
D:8 3 runed translucent doors, harkrass's ghost, novice MiFi
D:11 1 runed translucent door, Maaseg's ghost, journeyman GnCj
D:13 3 runed translucent doors, 1 exclusion
D:14 3 runed translucent doors, Lugorak's ghost, journeyman DsFi
Lair:4 exclusion: oklob plant
Spider:3 exclusion: 2 ice statues, Roxanne
Elf:1 exclusion: oklob plant
Vaults:1 2 runed translucent doors, Yjimoseergh's ghost, adept SpFE


Innate Abilities, Weirdness & Mutations

Your body is rotting away.
You thrive on raw meat.
You are immune to poison.
You have sharp fingernails.
You are carnivorous and can eat meat at any time.
Your flesh is cold resistant. (rC+)
You are immune to negative energy. (rN+++)
You do not regenerate when monsters are visible.
You are immune to unholy pain and torment.
You can survive without breathing.


Message History

Trog accepts your kill. You block the wraith's attack.
You block the revenant's attack.
You hit the two-headed ogre.
You feel better.
The two-headed ogre is almost dead.
You block the spectral six-headed hydra's attack. x2
The spectral six-headed hydra barely misses you.
The spectral six-headed hydra bites you but does no damage. x2
The spectral six-headed hydra bites you.
The two-headed ogre hits you with a +2 dire flail of protection!
The two-headed ogre hits you but does no damage.
The wraith completely misses you. The revenant hits you!!
* * * LOW HITPOINT WARNING * * *
You thump the two-headed ogre!
You kill the two-headed ogre!
Trog accepts your kill.
The spectral six-headed hydra fades away!
The wraith hits you but does no damage. The revenant casts a spell at you.
You convulse!
You die...

#........'.........
#........#.#......
#..#######........
.# . #...8###8 .#
#...##.## ..#
+...#.>. ...#
#...##.##...#
#...8#o#8...#
#..)@Lz....[+
#.#.)W....#.#
#....)......#
######'###+##
...O...# #
+.......# #.......#
#.......# #.......#


You could see a revenant (strong), a skeletal warrior, an ogre mage, a wraith
and an orc.

Vanquished Creatures
  Nikola (Spider:2)
  Rupert (Lair:6)
  Jorgrun (D:14)
  6 thorn hunters
  Agnes (Elf:1)
  A tengu reaver (Vaults:2)
  4 fire giants
  3 vault wardens
  Aizul (Spider:4)
  3 ghost moths (Spider:4)
  5 emperor scorpions
  2 orc warlords (Orc:2)
  Louise (D:15)
  A stone giant (Vaults:2)
  2 ironheart preservers
  3 entropy weavers
  2 deep elf demonologists
  An ettin (Orc:2)
  A fire dragon (Vaults:1)
  A deep elf death mage (Elf:2)
  2 yaktaur captains
  A vault guard (Vaults:2)
  22 hydras
  2 shambling mangroves
  3 ghost crabs
  2 catoblepae
  A rakshasa (D:15)
  6 centaur warriors
  9 alligators
  A queen ant (Spider:4)
  20 two-headed ogres
  26 dancing weapons
  7 ogre magi
  2 deep troll earth magi (D:14)
  2 orc high priests
  6 death yaks
  13 deep elf knights
  Sonja (D:11)
  A glowing orange brain (D:15)
  A swamp dragon (shapeshifter) (D:15)
  4 wizards
  10 swamp dragons
  An unseen horror (Vaults:1)
  9 deep elf archers
  A wolf spider zombie (D:13)
  A harpy (Vaults:2)
  6 orc knights
  2 ironbrand convokers
  A mana viper (shapeshifter) (D:14)
  33 deep elf magi
  15 orb spiders
  2 orc sorcerers (Orc:2)
  3 oklob plants (D:11)
  26 wolf spiders
  A shining eye (shapeshifter) (D:15)
  2 manticores
  21 ugly things
  32 slime creatures
  5 cyclopes
  A centaur zombie (D:15)
  A black mamba (Lair:5)
  10 elephants
  4 vault sentinels
  13 spiny frogs
  2 torpor snails
  A gargoyle (D:14)
  A rime drake (Lair:6)
  2 kobold demonologists (D:15)
  2 freezing wraiths
  2 komodo dragons (Lair:3)
  10 yaktaurs
  A yaktaur (shapeshifter) (D:15)
  16 demonic crawlers
  6 polar bears
  A queen bee (shapeshifter) (Vaults:1)
  8 tyrant leeches
  18 hornets
  7 trolls
  21 jumping spiders
  11 hippogriffs
  15 blink frogs
  4 dream sheep (Lair:6)
  A hippogriff (shapeshifter) (Elf:2)
  7 bog bodies
  2 air elementals
  2 shadows
  A water elemental (Elf:2)
  12 spriggans
  A yak (shapeshifter) (Vaults:1)
  22 yaks
  42 tarantellas
  A wyvern (D:14)
  3 wraiths
  67 redbacks
  A fire elemental (Elf:1)
  2 hungry ghosts
  24 vampire mosquitoes
  2 basilisks
  A hog (shapeshifter) (D:14)
  Grum (D:9)
  14 swamp worms
  6 wargs
  25 soldier ants
  6 insubstantial wisps (Swamp:1)
  4 acid dragons
  14 swamp drakes
  12 water moccasins
  7 porcupines
  58 orc warriors
  5 ice beasts
  3 sky beasts
  An eye of draining (shapeshifter) (Elf:2)
  3 black bears
  A hornet zombie (D:14)
  A phantom (D:9)
  9 boggarts
  24 ogres
  An eye of draining (D:12)
  2 necrophages (D:9)
  45 wolves
  9 crocodiles
  24 centaurs
  13 bullfrogs
  4 big kobolds
  2 earth elementals (Elf:1)
  A wyvern skeleton (D:10)
  5 scorpions
  2 jellies
  10 killer bees
  18 wights
  2 howler monkeys
  7 crimson imps
  A wyvern simulacrum (D:14)
  4 bullfrog skeletons
  4 hounds
  39 orc priests
  5 centaur skeletons
  37 orc wizards
  Terence (D:2)
  4 hell rats (Lair:4)
  6 iguanas
  32 worker ants
  3 hound skeletons
  2 worker ant zombies
  4 gnolls (D:9)
  11 adders
  2 shadow imps
  3 oozes
  An adder zombie (D:6)
  2 worms
  2 dart slugs
  4 leopard geckos
  144 orcs
  2 ball pythons
  4 giant cockroaches
  9 goblins
  5 hobgoblins
  17 kobolds
  6 quokkas
  8 bats
  7 frilled lizards
  2 leopard gecko skeletons (D:5)
  A quokka zombie (D:4)
  4 rats
  4 briar patches (Swamp:4)
  A plant (D:11)
1412 creatures vanquished.

Vanquished Creatures (collateral kills)
  Xtahua (Vaults:2)
  Arachne (Spider:2)
  Frances (D:14)
  A spark wasp (Spider:4)
  3 hydras
  A shambling mangrove (Swamp:2)
  A deep elf knight (Elf:1)
  A fire crab (shapeshifter) (D:14)
  2 swamp dragons (Swamp:4)
  An orc knight (Vaults:2)
  An orb spider (Spider:4)
  2 wolf spiders
  2 jumping spiders (Spider:4)
  2 hornets (Swamp:1)
  2 slime creatures (D:14)
  2 tarantellas (Spider:3)
  3 redbacks
  2 swamp worms (Swamp:1)
  2 soldier ants (Spider:4)
  3 orc warriors
  A crocodile (Lair:6)
  An orc wizard (Orc:2)
  3 worker ants
39 creatures vanquished.

Vanquished Creatures (others)
  A two-headed ogre (Vaults:2)
  A deep elf knight (Elf:1)
  2 deep elf magi (Elf:1)
  An ogre (Vaults:2)
  3 bushes (D:15)
  17 fungi
  7 plants
32 creatures vanquished.

Grand Total: 1483 creatures vanquished

Notes
Turn   | Place    | Note
-------+----------+-------------------------------------------
     0 | D:1      | toffzen the Ghoul Berserker began the quest for the Orb.
     0 | D:1      | Reached XP level 1. HP: 19/19 MP: 0/0
   242 | D:1      | Reached XP level 2. HP: 21/26 MP: 1/1
   902 | D:1      | Reached XP level 3. HP: 28/31 MP: 2/2
  1120 | D:2      | Noticed Terence
  1136 | D:2      | Killed Terence
  1136 | D:2      | Reached XP level 4. HP: 30/40 MP: 3/3
  1406 | D:2      | Reached ** piety under Trog
  1614 | D:2      | Found a faded altar of an unknown god.
  1733 | D:2      | Found a snail-covered altar of Cheibriados.
  2330 | D:3      | Found a glowing golden altar of the Shining One.
  2640 | D:3      | Reached XP level 5. HP: 45/46 MP: 4/4
  3056 | D:4      | Found a staircase to the Ecumenical Temple.
  3073 | D:4      | Reached XP level 6. HP: 53/53 MP: 5/5
  3279 | D:4      | Found a shadowy altar of Dithmenos.
  3641 | D:4      | Reached XP level 7. HP: 60/60 MP: 6/6
  3653 | D:4      | Reached skill level 5 in Maces & Flails
  3718 | D:4      | Reached *** piety under Trog
  4416 | D:5      | Entered Level 5 of the Dungeon
  4827 | D:5      | Reached skill level 5 in Fighting
  4885 | D:5      | Found a shimmering altar of Xom.
  4888 | D:5      | Found a bloodstained altar of Trog.
  5146 | D:5      | Found a burning altar of Makhleb.
  5505 | D:5      | Reached XP level 8. HP: 53/67 MP: 7/7
  5610 | D:6      | Found a shimmering blue altar of Sif Muna.
  5929 | D:6      | Found Tirum's Magic Scroll Emporium.
  5983 | D:6      | Bought a scroll of teleportation for 30 gold pieces
  5983 | D:6      | Bought a scroll of teleportation for 30 gold pieces
  5983 | D:6      | Bought a scroll of identify for 20 gold pieces
  5983 | D:6      | Bought a scroll of identify for 20 gold pieces
  6347 | D:6      | Reached XP level 9. HP: 15/77 MP: 8/8
  6839 | D:7      | Reached skill level 5 in Armour
  6954 | D:7      | Reached skill level 5 in Dodging
  7045 | D:7      | Found a transporter.
  7045 | D:7      | Noticed Velaskes's ghost (novice OpWz)
  7068 | D:7      | Found a transporter.
  8050 | D:7      | Found an ornate altar of the Wu Jian Council.
  9086 | D:8      | Reached **** piety under Trog
  9222 | D:8      | Found a runed translucent gate.
  9222 | D:8      | Found a runed translucent gate.
  9222 | D:8      | Found a runed translucent gate.
  9222 | D:8      | Noticed harkrass's ghost (novice MiFi)
  9278 | D:8      | Reached XP level 10. HP: 69/85 MP: 9/9
  9579 | D:9      | Found Holo's Distillery.
  9590 | D:9      | Bought a potion of heal wounds for 70 gold pieces
  9831 | D:9      | Got a warped marble ring
  9832 | D:9      | Identified the ring "Dopel" {EV+4 Str+3 Int+3} (You found
                  | it on level 9 of the Dungeon)
 10732 | D:9      | Noticed Grum
 10757 | D:9      | Killed Grum
 11063 | D:9      | Found a shattered altar of Ashenzari.
 11404 | D:9      | Found a glowing golden altar of the Shining One.
 11591 | D:10     | Entered Level 10 of the Dungeon
 11669 | D:10     | Reached XP level 11. HP: 89/94 MP: 10/10
 11688 | D:10     | Reached skill level 10 in Maces & Flails
 11829 | D:10     | Reached ***** piety under Trog
 11943 | D:10     | Found a staircase to the Orcish Mines.
 12380 | D:11     | Noticed a cyclops
 12386 | D:11     | Noticed an oklob plant
 12393 | D:11     | Killed a cyclops
 12393 | D:11     | Reached skill level 1 in Shields
 12824 | D:11     | Noticed an oklob plant
 12828 | D:11     | Found a runed translucent door.
 12829 | D:11     | Found a shimmering altar of Xom.
 12829 | D:11     | Noticed Maaseg's ghost (journeyman GnCj)
 12829 | D:11     | Noticed a +1 war axe of chaos
 13121 | D:11     | Found Qunoha's Magic Scroll Shop.
 13172 | D:11     | Received a gift from Trog
 13188 | D:11     | Noticed Sonja
 13494 | D:11     | Killed Sonja
 13578 | D:11     | Noticed an oklob plant
 13830 | D:11     | Found a staircase to the Lair.
 14481 | D:11     | Killed an oklob plant
 15001 | D:11     | Killed an oklob plant
 15409 | D:11     | Killed an oklob plant
 15616 | Lair:1   | Entered Level 1 of the Lair of Beasts
 15617 | Lair:1   | Noticed a four-headed hydra
 15626 | Lair:1   | Killed a four-headed hydra
 15976 | Lair:1   | Noticed a four-headed hydra
 15986 | Lair:1   | Killed a four-headed hydra
 15986 | Lair:1   | Reached XP level 12. HP: 77/106 MP: 11/11
 16587 | Lair:2   | Reached skill level 10 in Fighting
 18888 | Lair:3   | Noticed an eight-headed hydra
 18890 | Lair:3   | Noticed a five-headed hydra
 19023 | Lair:3   | Killed a five-headed hydra
 19053 | Lair:3   | Killed an eight-headed hydra
 19061 | Lair:3   | HP: 5/107 [komodo dragon (7)]
 19297 | Lair:3   | Found a staircase to the Swamp.
 19863 | Lair:4   | Found a hole to the Spider Nest.
 19874 | Lair:4   | Reached XP level 13. HP: 114/114 MP: 12/12
 20586 | Lair:4   | Found a stormy altar of Qazlal.
 21169 | Lair:4   | Got a transparent copper ring
 21175 | Lair:4   | Identified the ring "Cadwoydd" {rElec rPois rC+ MR+ Str+3}
                  | (You found it on level 4 of the Lair of Beasts)
 21526 | Lair:5   | Found a staircase to the Slime Pits.
 21844 | Lair:5   | Found a viscous altar of Jiyva.
 22845 | Lair:6   | Entered Level 6 of the Lair of Beasts
 22845 | Lair:6   | Noticed Rupert
 22858 | Lair:6   | Found a gate leading to a gauntlet.
 22871 | Lair:6   | Killed Rupert
 23291 | Lair:6   | Reached XP level 14. HP: 99/125 MP: 13/13
 23325 | Lair:6   | Reached skill level 10 in Dodging
 23339 | Lair:6   | Reached skill level 10 in Armour
 23576 | Lair:6   | Received a gift from Trog
 23626 | Lair:6   | Identified the +10 great sword of Popular Demand {freeze,
                  | Int+3} (You found it on level 6 of the Lair of Beasts)
 24369 | Orc:1    | Entered Level 1 of the Orcish Mines
 24769 | Orc:2    | Entered Level 2 of the Orcish Mines
 24873 | Orc:1    | Noticed an orc warlord
 24923 | Orc:2    | Received a gift from Trog
 25090 | Orc:2    | Found a roughly hewn altar of Beogh.
 25169 | Orc:2    | Found a roughly hewn altar of Beogh.
 25345 | Orc:2    | Killed an orc warlord
 25433 | Orc:1    | Found a roughly hewn altar of Beogh.
 25501 | Orc:2    | Found a roughly hewn altar of Beogh.
 25536 | Orc:2    | Found a roughly hewn altar of Beogh.
 25652 | Orc:2    | Found a roughly hewn altar of Beogh.
 25687 | Orc:2    | Found Jydin's Gadget Emporium.
 25780 | Orc:2    | Received a gift from Trog
 25855 | Orc:2    | Noticed an orc warlord
 25881 | Orc:2    | Killed an orc warlord
 25975 | Orc:2    | Found a roughly hewn altar of Beogh.
 25975 | Orc:2    | Found Levvum's Antique Armour Shoppe.
 25978 | Orc:2    | Found Podap's Antique Weapon Emporium.
 25989 | Orc:2    | Bought a smoking morningstar for 342 gold pieces
 25989 | Orc:2    | Identified the +9 morningstar of the Undead {vamp, rF+ rN+
                  | Dex-2} (You bought it in a shop on level 2 of the Orcish
                  | Mines)
 25997 | Orc:2    | Bought a glowing scarf for 248 gold pieces
 26038 | Orc:2    | Found a staircase to the Elven Halls.
 26309 | Orc:2    | Found a roughly hewn altar of Beogh.
 26337 | Orc:2    | Found Xanism's Book Shoppe.
 27083 | D:12     | Found Tyfotuoll's Tempting Trifles.
 27091 | D:12     | Bought a scroll of teleportation for 48 gold pieces
 27281 | D:12     | Received a gift from Trog
 27698 | D:13     | Found Deseaw's Armour Boutique.
 27981 | D:13     | Reached XP level 15. HP: 134/134 MP: 14/14
 28087 | D:13     | Found a blossoming altar of Fedhas.
 28569 | D:13     | Found a runed translucent door.
 28776 | D:13     | Found a runed translucent door.
 28777 | D:13     | Found a runed translucent door.
 28896 | D:13     | Found Jostrur's Jewellery Emporium.
 29149 | D:14     | Noticed Frances
 29155 | D:14     | Killed Frances
 29281 | D:14     | Noticed Lugorak's ghost (journeyman DsFi)
 29287 | D:14     | Found a runed translucent gate.
 29287 | D:14     | Found a runed translucent gate.
 29287 | D:14     | Found a runed translucent gate.
 29477 | D:14     | Found a shattered altar of Ashenzari.
 29541 | D:14     | Reached skill level 15 in Maces & Flails
 29591 | D:14     | Reached ****** piety under Trog
 29676 | D:14     | Received a gift from Trog
 29726 | D:14     | Found a gate to the Vaults.
 29934 | D:14     | Noticed a fire giant
 29934 | D:14     | Noticed a fire giant
 30175 | D:14     | Killed a fire giant
 30177 | D:14     | Killed a fire giant
 30223 | D:14     | Reached skill level 5 in Shields
 30278 | D:14     | Noticed Jorgrun
 30288 | D:14     | Killed Jorgrun
 30288 | D:14     | Received a gift from Trog
 30691 | D:15     | Entered Level 15 of the Dungeon
 31035 | D:15     | Noticed Louise
 31074 | D:15     | Killed Louise
 31338 | D:15     | Found a sparkling altar of Nemelex Xobeh.
 31483 | D:15     | Found Kypakao's Antique Armour Emporium.
 31565 | D:15     | Reached XP level 16. HP: 137/144 MP: 15/15
 31678 | D:15     | Found a staircase to the Depths.
 32303 | Spider:1 | Entered Level 1 of the Spider Nest
 32373 | Spider:1 | Received a gift from Trog
 33651 | Spider:2 | Noticed Nikola
 33663 | Spider:2 | Killed Nikola
 33864 | Spider:2 | Identified a scroll of acquirement
 33864 | Spider:2 | Acquired a manual of Dodging
 33868 | Spider:2 | Got a shimmering ivory ring
 33877 | Spider:2 | Noticed Arachne
 34643 | Spider:2 | Received a gift from Trog
 34714 | Spider:2 | Killed Arachne
 35323 | Spider:3 | Found a frozen archway.
 35517 | Spider:3 | Reached skill level 10 in Shields
 35563 | Spider:3 | Noticed Roxanne
 36148 | Spider:3 | Reached XP level 17. HP: 148/148 MP: 16/16
 36541 | Spider:4 | Entered Level 4 of the Spider Nest
 36704 | Spider:4 | Received a gift from Trog
 37306 | Spider:4 | Noticed Aizul
 37325 | Spider:4 | Killed Aizul
 38170 | Spider:4 | Got a gossamer rune of Zot
 38815 | Swamp:1  | Entered Level 1 of the Swamp
 39125 | Swamp:1  | Received a gift from Trog
 39747 | Swamp:2  | Reached XP level 18. HP: 158/158 MP: 17/17
 40124 | Swamp:2  | Reached skill level 15 in Shields
 40318 | Swamp:2  | Identified the cursed ring "Koczuwuk" {+Fly rF+ Str+7
                  | Dex-4} (You found it on level 2 of the Spider Nest)
 40586 | Swamp:3  | Got a steaming brass ring
 40609 | Swamp:3  | Found a stormy altar of Qazlal.
 40707 | Swamp:3  | Received a gift from Trog
 41198 | Swamp:4  | Entered Level 4 of the Swamp
 42643 | Swamp:4  | Got a decaying rune of Zot
 43137 | Elf:1    | Entered Level 1 of the Elven Halls
 43165 | Elf:1    | Noticed Agnes
 43179 | Elf:1    | Killed Agnes
 43395 | Elf:1    | Identified the ring of Knowledge {*Drain +Blink rPois rN+
                  | Dex+2} (You found it on level 3 of the Swamp)
 43439 | Elf:1    | Received a gift from Trog
 43619 | Elf:1    | Reached skill level 15 in Fighting
 43679 | Elf:1    | Reached XP level 19. HP: 170/170 MP: 18/18
 44447 | Elf:2    | Received a gift from Trog
 44926 | Elf:2    | Found a runed translucent gate.
 44939 | Elf:2    | Found a runed translucent gate.
 44940 | Elf:2    | Found a runed translucent gate.
 45979 | Elf:2    | Reached skill level 15 in Dodging
 46330 | Vaults:1 | Entered Level 1 of the Vaults
 46776 | Vaults:1 | Found a large runed translucent door.
 46776 | Vaults:1 | Found a large runed translucent door.
 46780 | Vaults:1 | Noticed Yjimoseergh's ghost (adept SpFE)
 46896 | Vaults:1 | Received a gift from Trog
 47159 | Vaults:1 | Found a white marble altar of Elyvilon.
 47347 | Vaults:1 | Reached XP level 20. HP: 166/182 MP: 19/19
 47500 | Vaults:1 | Got an agate-encrusted ring mail
 47511 | Vaults:1 | Identified the cursed +1 ring mail of the Special Nightcaps
                  | {rPois rCorr Slay+4} (You found it on level 1 of the
                  | Vaults)
 47554 | Vaults:1 | Found Wais's General Store.
 47563 | Vaults:1 | Bought a potion of might for 52 gold pieces
 47563 | Vaults:1 | Bought a scroll of teleportation for 39 gold pieces
 47563 | Vaults:1 | Bought a scroll of fear for 45 gold pieces
 47948 | Vaults:2 | Noticed Xtahua
 47955 | Vaults:2 | Received a gift from Trog
 47957 | Vaults:2 | Killed Xtahua
 48262 | Vaults:2 | Found a staircase to the Crypt.
 48305 | Vaults:2 | Killed from afar by a revenant

Illustrated notes

Levels and vault maps discovered:
D:1:      scummos_arrival_forest, layout_basic
D:2:      layout_rooms, cheibriados_altar_1, chequers_ecumenical_altar_island,
          uniq_terence
D:3:      layout_basic, nicolae_tso_swordbearing_angel
D:4:      layout_gridville, overflow_temple_1_default,
          minmay_temple_entry_ruins, st_stairs_14
D:5:      layout_cave_pools, kennysheep_mini, grunt_temple_overflow_open,
          first_ration, minmay_misc_feat_pillars
D:6:      layout_loops_ring, old_standard_altar, kennysheep_small_circle
D:7:      layout_gridville, lemuel_round_altar, gammafunk_ghost_stat_death
D:8:      layout_loops_ring, gammafunk_ghost_spectres, the_bakery
D:9:      layout_loops_corners, lemuel_doored_altar,
          lemuel_coloured_pillars_altar, serial_shops, shop,
          ebering_dispersal_statue_hall, nicolae_wwwww,
          small_chamber_with_monster, minmay_curled_crystal, uniq_grum
D:10:     layout_basic, david_orc_2
D:11:     layout_cave_pools, dpeg_oklobed_lair, serial_shops, shop,
          ebering_ghost_xom, hangedman_abyss_or_decor_passed, uniq_sonja
D:12:     minmay_quarter_circles, layout_basic, nicolae_alphabet_shops
D:13:     minmay_the_grid_triangle_9x9_recursive_3
          [minmay_the_grid_triangle_9x9_from_above,
          minmay_the_grid_triangle_9x9_descending_squares,
          minmay_the_grid_triangle_9x9_odd_lines,
          minmay_the_grid_triangle_9x9_prize_top_heavy,
          minmay_the_grid_triangle_9x9_impossible_snake,
          minmay_the_grid_triangle_9x9_wacky_v,
          minmay_the_grid_triangle_9x9_fully_insulated_deathbox,
          minmay_the_grid_triangle_9x9_limited_checkers,
          minmay_the_grid_triangle_9x9_shrine], layout_rooms, serial_shops,
          shop, nicolae_shop_crystal
D:14:     minmay_textured_paths, layout_irregular_city,
          hangedman_vaults_entry_quadrant_bands, gammafunk_ghost_split,
          evilmike_ruin_ashenzari, serial_park_tiny_1, uniq_jorgrun,
          uniq_frances
D:15:     gammafunk_enter_depths_forms, layout_loops_corners,
          serial_park_tiny_2, serial_shops, shop, nrook_uturn,
          lemuel_statue_altar, uniq_louise
Lair:1:   layout_big_grid
Lair:2:   layout_gridlike, serial_bayou_crossing
Lair:3:   layout_roguey, palyth_hydra_swamp_entry, serial_bayou_shore_b
Lair:4:   layout_cave_pods, nicolae_spider_entry_orb_guardian,
          lemuel_oklob_altar
Lair:5:   layout_loops_ring, slime_altar_1, infiniplex_staircase_pool
Lair:6:   minmay_lair_end_enchanted_forest, layout_loops_ring,
          gauntlet_entry_generic, minivault_27, uniq_rupert
Swamp:1:  layout_falls_marsh, serial_swamp_ruin, evilmike_swamp_ruin_house_3,
          evilmike_swamp_ruin_house_4, evilmike_swamp_ruin_wall, swamp_pool1
Swamp:2:  layout_basic_swamp, evilmike_swamp_ruin_rubble_2, swamp_pool5,
          st_swamp_ruins_1
Swamp:3:  layout_basic_swamp, basic_altar
Swamp:4:  swamp, layout_basic_swamp
Spider:1: layout_spider_delve
Spider:2: layout_chambers, drop_trap, nicolae_spider_cling_halls, uniq_nikola,
          uniq_arachne
Spider:3: layout_spider_delve, portal_ice_cave_entry_ice_statue_two,
          hangedman_spider_tarantella_strand, uniq_roxanne
Spider:4: guppyfry_spider_rune, minivault_29, uniq_aizul
Orc:1:    layout_caves, david_defended_altar_orc
Orc:2:    grunt_orc_community_town_hall, layout_diamond_mine,
          grunt_orc_community_big_house_1, grunt_orc_community_big_house_2,
          grunt_orc_community_house_2, grunt_orc_community_house_1,
          grunt_orc_community_house_3, grunt_orc_community_house_3,
          grunt_orc_community_house_3, grunt_orc_community_house_3
Elf:1:    dpeg_oklob_gauntlet, layout_geoelf_diagonals,
          hangedman_corner_corridor, uniq_agnes
Elf:2:    layout_geoelf_grid, drop_trap
Vaults:1: ebering_vaults_ghost_disaster_area, v_pattern_4, vaults_dpeg_diagonal,
          hangedman_vaults_stitches, nicolae_vaults_little_squares_3,
          hangedman_vaults_locks, grunt_vaults_swirl, hangedman_vaults_trim,
          nicolae_vaults_asterisk, nicolae_vaults_border_crossing,
          vaults_room_glass_cross, nicolae_vaults_diagonal_hallway_8,
          nicolae_vaults_hallways_thing, layout_vaults_omnibox, serial_shops,
          shop, basic_altar
Vaults:2: minmay_crypt_entry_simple_statues, ontoclasm_vaults_ligature,
          sword_in_stone, dpeg_vaults_monster_box, ontoclasm_vaults_hangar,
          vaults_dpeg_ring, nicolae_vaults_little_ls, vaults_room_pools,
          layout_vaults_quadrants, uniq_xtahua

Skill      XL: |  1  2  3  4  5  6  7  8  9 10 11 12 13 14 15 16 17 18 19 |
---------------+----------------------------------------------------------+-----
Armour         | 2 3 4 5 6 7 8 9 10 11 12 14 | 14.3
Dodging        | 2 3 4 5 6 7 8 9 10 11 13 15 | 15.9
Maces & Flails | 3 4 5 7 8 9 11 12 13 14 15 16 | 16.2
Fighting       | 4 5 6 7 8 9 10 11 12 13 15 16 | 16.7
Shields        | 3 4 5 10 14 15 | 15.0

Action                   |  1- 3 |  4- 6 |  7- 9 | 10-12 | 13-15 | 16-18 | 19-21 || total
-------------------------+-------+-------+-------+-------+-------+-------+-------++-------
Melee: Mace              |    80 |       |       |   405 |       |       |       ||   485
       Flail             |       |   208 |   613 |   311 |       |       |       ||  1132
       Great mace        |       |       |       |   314 |   602 |       |       ||   916
       Morningstar       |       |       |       |       |  1022 |  2113 |   953 ||  4088
Throw: Dart              |     2 |     6 |     9 |    39 |    65 |     2 |       ||   123
Invok: Trog's Hand       |       |     2 |     7 |    10 |     2 |     8 |     3 ||    32
       Brothers in Arms  |       |       |       |     1 |     8 |    12 |     3 ||    24
Evoke: Wand              |       |       |     3 |    38 |    15 |     1 |       ||    57
  Use: Scroll            |       |     1 |    19 |    15 |    12 |     9 |     6 ||    62
       Potion            |       |       |     1 |       |     3 |     2 |       ||     6
 Stab: Paralysed         |       |       |       |     9 |       |       |       ||     9
       Distracted        |       |       |       |     1 |     1 |     3 |       ||     5
       Held in net/web   |       |       |       |       |       |     1 |       ||     1
  Eat: Chunk             |     2 |     6 |    19 |    68 |    95 |    59 |    33 ||   282
       Ration            |       |     1 |     3 |     2 |       |     1 |     1 ||     8
Armor: Animal skin       |    14 |       |       |       |       |       |       ||    14
       Leather armour    |    11 |     6 |       |       |       |       |       ||    17
       Scale mail        |       |    90 |   194 |       |       |       |       ||   284
       Plate armour      |       |       |    36 |   452 |   568 |   790 |   124 ||  1970
       Ring mail         |       |       |       |       |       |       |    43 ||    43
Dodge: Dodged            |    59 |   142 |   266 |   587 |   839 |   791 |   192 ||  2876
Block: Other             |       |       |    80 |   170 |   190 |       |       ||   440
       Reflection        |       |       |       |    24 |    52 |    37 |    58 ||   171
       Buckler           |       |       |       |   129 |   206 |       |       ||   335
       Kite shield       |       |       |       |       |   250 |       |       ||   250
       Tower shield      |       |       |       |       |    84 |  2676 |   862 ||  3622
